 Dungeon Crawl Stone Soup version 0.14-a0-1626-g054e7ae (webtiles) character file.

7511 ReteAZ the Arsonist (level 11, 0/93 HPs)
             Began as a Naga Fire Elementalist on Dec 24, 2013.
             Was a High Priest of Vehumet.
             Slain by a blink frog (11 damage)
             ... on Level 1 of the Lair of Beasts on Dec 25, 2013.
             The game lasted 01:44:03 (11976 turns).

ReteAZ the Arsonist (Naga Fire Elementalist)       Turns: 11976, Time: 01:44:03

HP   0/93        AC  9     Str 10      XL: 11   Next:  7%
MP  21/26        EV 10     Int 20      God: Vehumet [*****.]
Gold 603         SH  0     Dex 11      Spells:  4 memorised, 13 levels left

rFire  + + +     SeeInvis +     N - staff of fire
rCold  . . .     Clarity  +     q - +2 elf robe {rF+}
rNeg   . . .     Conserve .     (no shield)
rPois  +         rCorr    .     (no helmet)
rElec  .         rRot     .     (no cloak)
SustAb . .       Spirit   .     (no gloves)
rMut   .         Warding  .     (no barding)
Saprov . . .     Stasis   .     (no amulet)
                                D - ring of Trasamuu {rPois rF+ SInv Stlth++, unknown}
                                k - +3 ring of protection

@: very slow, somewhat resistant to hostile enchantments, very stealthy
A: spit poison, see invisible, berserk 1, clarity, deformed body, sense
surroundings 1, poison resistance, slowness 2, AC +3
a: Spit Poison, Renounce Religion


You were on level 1 of the Lair of Beasts.
You worshipped Vehumet.
Vehumet was extremely pleased with you.
You were hungry.

You visited 3 branches of the dungeon, and saw 11 of its levels.
You also visited: Sewer and Ossuary.

You collected 603 gold pieces.

Inventory:

Hand weapons
 m - a cursed +1,+1 elven whip
Missiles
 i - 2 darts of flame (quivered)
 p - 15 darts
Armour
 q - a +2 elven robe of fire resistance (worn)
 B - a cursed +0 shield
Magical devices
 a - a wand of fire (8)
 r - a wand of polymorph (13)
 t - a wand of disintegration (11)
Comestibles
 c - 6 bread rations
 j - 3 meat rations
 o - 5 chunks of reindeer flesh
 L - 17 cheeses
 M - a chunk of quokka flesh
Scrolls
 e - a scroll of blinking {unknown}
 g - 2 scrolls of magic mapping
 l - a scroll of immolation
 n - a scroll of random uselessness
 x - a scroll of enchant weapon I
 E - a scroll of enchant armour {unknown}
 H - a scroll of remove curse
 I - 2 scrolls of curse jewellery
 V - a scroll of fog
Jewellery
 k - a +3 ring of protection (left hand)
 s - an uncursed ring of poison resistance
 u - a +1 ring of protection
 w - an uncursed ring of poison resistance
 D - the ring of Trasamuu (right hand) {rPois rF+ SInv Stlth++, unknown}
   (You found it on level 1 of the Lair of Beasts)

   [ring of poison resistance]

   It protects you from fire.
   It enhances your eyesight.
   It makes you much more stealthy.
Potions
 d - a potion of porridge
 f - 2 potions of agility
 v - 3 potions of confusion
 z - a potion of might
 A - a potion of paralysis
 C - 2 potions of flight
 G - 4 potions of restore abilities
 J - 2 potions of invisibility
 K - a potion of speed
Books
 b - a book of Flames

   Spells                             Type                      Level
   *Flame Tongue                      Conjuration/Fire             1
   *Throw Flame                       Conjuration/Fire             2
   *Conjure Flame                     Conjuration/Fire             3
   Inner Flame                        Hexes/Fire                   3
   Sticky Flame                       Conjuration/Fire             4
   *Fireball                          Conjuration/Fire             5
 y - a book of Enchantments

   Spells                             Type                      Level
   Cause Fear                         Hexes                        4
   Silence                            Hexes/Air                    5
   Tukima's Dance                     Hexes                        5
   Deflect Missiles                   Charms/Air                   6
   Haste                              Charms                       6
   Discord                            Hexes                        8
 F - a book of Maledictions

   Spells                             Type                      Level
   Corona                             Hexes                        1
   Sure Blade                         Hexes/Charms                 2
   Ensorcelled Hibernation            Hexes/Ice                    2
   Confuse                            Hexes                        3
   Enslavement                        Hexes                        4
   Invisibility                       Hexes                        6
Magical staves
 N - an uncursed staff of fire (weapon)
 O - a cursed staff of wizardry


   Skills:
 + Level 4.6 Fighting
 - Level 1.5 Dodging
 - Level 3.0 Stealth
 - Level 7.0 Spellcasting
 - Level 10.0 Conjurations
 - Level 10.1 Fire Magic
 - Level 3.1 Evocations


You had 13 spell levels left.
You knew the following spells:

 Your Spells              Type           Power        Failure   Level  Hunger
a - Flame Tongue          Conj/Fire      #####        1%          1    None
b - Throw Flame           Conj/Fire      ######       1%          2    None
c - Conjure Flame         Conj/Fire      ######..     1%          3    #......
d - Fireball              Conj/Fire      ######....   1%          5    #####..


Dungeon Overview and Level Annotations

Branches:
Dungeon (9/16)             Temple (1/1) D:4            Lair (1/8) D:9
    Orc: D:9-12

Altars:
Ashenzari
Cheibriados
Elyvilon
Fedhas
Kikubaaqudgha
Makhleb
Nemelex Xobeh
Okawaru
Sif Muna
Trog
Vehumet
Xom
Yredelemnul
Zin
the Shining One

Shops:
D:8 (   D:9 %

Annotations:
D:4 Fv001's ghost, average DjFi


Innate Abilities, Weirdness & Mutations

You cannot wear boots.
You can spit poison.
Your serpentine skin is tough (AC +3).
You have supernaturally acute eyesight.
Armour fits poorly on your strangely shaped body.
Your system is resistant to poisons.
You cover ground very slowly.
You tend to lose your temper in combat.
You possess an exceptional clarity of mind.
You passively map a small area around you.


Message History

You feel a surge of power!
The flame hits the blink frog.
The blink frog is moderately wounded.
The blink frog hits you!
* * * LOW HITPOINT WARNING * * *
Casting: Flame Tongue
Confirm with . or Enter, or press ? or * to list all spells.
Aiming: Flame Tongue
Press: ? - help, Shift-Dir - straight line, f/p - blink frog
Aim: a blink frog (moderately wounded)
You feel a surge of power!
The flame hits the blink frog.
The blink frog is moderately wounded.
You have got your breath back.
The blink frog hits you but does no damage.
Read which item? (? for menu, Esc to quit)
As you read the scroll of random uselessness, it crumbles to dust.
You experience a momentary feeling of inescapable doom!
The blink frog looks more healthy.
The blink frog blinks!
Drink which item? (? for menu, Esc to quit)
You feel better. The blink frog hits you!
You die...

.######## #......##
#.......# #.......#
+.......# #......#
#.......####......##
#.......'..'.......#
#.......####......##
###%##### #...F..#
#.## ##f#§F## #..#
####@.# ##.## * ##§#
#f.# ,F.. ##.# , ,
#..# ##..### *# ,
,#.# ......# .## .#
..###.##..+.. ,P
#.....#.....# * #*
###.#...# *


You could see 3 blink frogs.

Vanquished Creatures
  A hill giant (D:6)
  Psyche (D:9)
  A two-headed ogre (D:9)
  Prince Ribbit (D:9)
  A blink frog (Lair:1)
  5 reindeers (Lair:1)
  A hungry ghost (D:9)
  A necrophage (D:6)
  Edmund (D:6)
  2 orc warriors (D:9)
  A phantom (D:6)
  2 ice beasts
  4 ogres
  2 black bears
  3 centaurs
  2 water moccasins
  A big kobold (D:9)
  7 giant frogs
  4 killer bees
  A reindeer zombie (D:7)
  2 troll zombies (D:7)
  A reindeer skeleton (D:9)
  5 wights (D:9)
  A goliath beetle (D:6)
  A quasit (D:6)
  A crimson imp (D:6)
  2 centaur skeletons
  A gnoll shaman (D:7)
  A jelly (D:6)
  4 orc priests
  4 hounds
  9 worker ants
  2 iguanas
  14 orc wizards
  A scorpion (D:5)
  An orange rat (D:7)
  A big fish (D:5)
  A big kobold zombie (Ossuary)
  An ogre skeleton (D:5)
  A hound skeleton (D:6)
  11 mummies
  13 gnolls
  3 green rats (D:7)
  9 adders
  A giant centipede (Lair:1)
  2 giant mites
  A worm zombie (D:6)
  5 worms
  4 grey rats (D:7)
  8 giant geckos
  An ooze (D:4)
  31 orcs
  4 ball pythons
  13 bats
  A bat zombie (D:5)
  14 giant cockroaches
  20 hobgoblins
  6 jackals
  21 kobolds
  7 quokkas
  14 giant newts
  A giant spore (D:9)
  A gnoll zombie (Ossuary)
  3 goblins
  2 goblin zombies (D:8)
  3 hobgoblin zombies (Ossuary)
  2 kobold skeletons (D:4)
  A kobold zombie (Ossuary)
  2 orc zombies (Ossuary)
  A quokka skeleton (D:6)
  18 rats
  5 ballistomycetes (D:9)
324 creatures vanquished.

Notes
Turn   | Place    | Note
--------------------------------------------------------------
     0 | D:1      | ReteAZ, the Naga Fire Elementalist, began the quest for the Orb.
     0 | D:1      | Reached XP level 1. HP: 15/15 MP: 3/3
   379 | D:1      | Reached XP level 2. HP: 22/22 MP: 4/4
   389 | D:1      | Learned a level 2 spell: Throw Flame
  1196 | D:2      | Reached XP level 3. HP: 28/28 MP: 0/6
  1398 | D:2      | Learned a level 3 spell: Conjure Flame
  1573 | D:2      | Reached XP level 4. HP: 34/36 MP: 5/8
  1626 | D:2      | Found a deep blue altar of Sif Muna.
  2723 | D:3      | Reached XP level 5. HP: 42/42 MP: 9/11
  3016 | D:3      | Reached skill level 4 in Fire Magic
  3238 | D:3      | Found a shimmering altar of Xom.
  3241 | D:3      | Found a radiant altar of Vehumet.
  3244 | D:3      | Became a worshipper of Vehumet
  3577 | D:4      | Found a staircase to the Ecumenical Temple.
  3584 | Temple   | Entered the Ecumenical Temple
  3900 | D:4      | Reached XP level 6. HP: 33/49 MP: 8/12
  4131 | D:4      | Noticed Fv001's ghost (average DjFi)
  4458 | D:4      | Upgraded the game from 0.14-a0-1613-gd720e3e to 0.14-a0-1626-g054e7ae
  4643 | D:5      | Entered Level 5 of the Dungeon
  4647 | D:5      | Reached skill level 5 in Fire Magic
  4809 | D:5      | Found a glowing drain.
  4829 | D:5      | Reached XP level 7. HP: 30/55 MP: 5/14
  4839 | Sewer    | Entered a sewer
  5036 | Sewer    | Reached skill level 5 in Conjurations
  5038 | Sewer    | Acquired Vehumet's first power
  5038 | Sewer    | Offered knowledge of Shock by Vehumet.
  5326 | D:5      | Reached skill level 6 in Fire Magic
  5837 | D:5      | Reached XP level 8. HP: 12/62 MP: 6/16
  5838 | D:5      | Found a white marble altar of Elyvilon.
  5839 | D:5      | Noticed an angel
  6282 | D:6      | Learned a level 5 spell: Fireball
  6299 | D:6      | Reached skill level 7 in Fire Magic
  6381 | D:6      | Noticed a hill giant
  6389 | D:6      | Killed a hill giant
  6389 | D:6      | Reached skill level 8 in Fire Magic
  6389 | D:6      | Reached XP level 9. HP: 30/68 MP: 8/17
  6701 | D:6      | Offered knowledge of Sting by Vehumet.
  6869 | D:6      | Noticed Edmund
  6882 | D:6      | Killed Edmund
  6982 | D:6      | Reached skill level 9 in Fire Magic
  7506 | D:6      | Reached skill level 1 in Evocations
  7553 | D:6      | Offered knowledge of Static Discharge by Vehumet.
  8057 | D:7      | Acquired Vehumet's second power
  8520 | D:7      | Offered knowledge of Olgreb's Toxic Radiance by Vehumet.
  8525 | D:7      | Reached skill level 5 in Spellcasting
  8526 | D:7      | Reached XP level 10. HP: 75/75 MP: 10/22
  8848 | D:8      | Found Wajif's Antique Weapon Emporium.
  8882 | D:8      | Found a sand-covered staircase.
  8893 | Ossuary  | Entered an ossuary
  8937 | Ossuary  | Acquired Vehumet's third power
  8973 | Ossuary  | Offered knowledge of Iskenderun's Mystic Blast by Vehumet.
  9840 | D:8      | Identified a scroll of acquirement
  9861 | D:8      | Gained mutation: You possess an exceptional clarity of mind. [potion of mutation]
  9861 | D:8      | Gained mutation: You tend to lose your temper in combat. [potion of mutation]
  9861 | D:8      | Gained mutation: You passively map a small area around you. [potion of mutation]
  9949 | D:9      | Noticed Prince Ribbit
  9964 | D:9      | Killed Prince Ribbit
 10074 | D:9      | Found Oseas' Food Emporium.
 10382 | D:9      | Found a staircase to the Lair.
 10509 | D:9      | Noticed Psyche
 10523 | D:9      | Killed Psyche
 11374 | D:9      | Reached skill level 10 in Fire Magic
 11632 | Lair:1   | Entered Level 1 of the Lair of Beasts
 11638 | Lair:1   | Offered knowledge of Iron Shot by Vehumet.
 11685 | Lair:1   | Reached skill level 10 in Conjurations
 11729 | Lair:1   | Got a fine iron ring
 11781 | Lair:1   | Reached skill level 1 in Fighting
 11834 | Lair:1   | Reached XP level 11. HP: 37/91 MP: 3/26
 11967 | Lair:1   | HP: 4/92 [blink frog (13)]
 11973 | Lair:1   | HP: 1/93 [blink frog (11)]
 11976 | Lair:1   | Slain by a blink frog

Action                   |  1- 3 |  4- 6 |  7- 9 | 10-12 || total
-------------------------+-------+-------+-------+-------++-------
Melee: Whip              |    32 |    50 |       |       ||    82
       Unarmed           |     1 |       |       |       ||     1
       Staff             |       |       |    24 |    22 ||    46
Throw: Dart              |     2 |       |       |     1 ||     3
 Cast: Flame Tongue      |    45 |   111 |   228 |   230 ||   614
       Throw Flame       |     3 |    11 |    30 |    37 ||    81
       Conjure Flame     |       |     9 |    35 |    21 ||    65
       Fireball          |       |       |     5 |     5 ||    10
 Abil: Spit Poison       |    33 |    57 |    73 |    37 ||   200
Evoke: Wand              |       |       |     5 |       ||     5
  Use: Scroll            |       |     3 |     8 |    21 ||    32
       Potion            |       |     4 |     1 |     8 ||    13
